 Dungeon Crawl Stone Soup version 0.28-a0-1233-g92def6ad0a (webtiles) character file.

Game seed: 2354470128560017810

2673 Lekart the Cleaver (level 9, 0/75 HPs)
             Began as a Pale Draconian Chaos Knight on Dec 23, 2021.
             Was a Plaything of Xom.
             Slain by a hornet zombie (3 damage)
             ... on level 7 of the Dungeon.
             The game lasted 00:10:18 (8040 turns).

Lekart the Cleaver (Pale Draconian Chaos Knight)    Turns: 8040, Time: 00:10:19

Health: 0/75       AC:  8    Str: 16    XL:     9   Next: 37%
Magic:  16/16      EV: 14    Int: 16    God:    Xom [....*.]
Gold:   365        SH:  0    Dex: 14    Spells: 16/17 levels left

rFire   + . .      SeeInvis +   a - +1 hand axe (chaos)
rCold   + . .      Faith    .   (no shield)
rNeg    . . .      Spirit   .   (armour unavailable)
rPois   .          Reflect  .   k - +0 hat
rElec   .          Harm     .   (no cloak)
rCorr   .          Rampage  .   d - +0 pair of gloves
Will    .....                   (no boots)
Stlth   +.........              i - amulet of magic regeneration
HPRegen 0.22/turn               c - ring of see invisible
MPRegen 0.55/turn               (no ring)

@: cleaving, unable to read
A: breathe steam, AC +7, unfitting armour, cold-blooded, steam resistance,
hooves 1, stinger 1, clever 1, cold resistance 1, fire resistance 1, strong 1,
inability to read while threatened
a: Breathe Steam, Renounce Religion


You were on level 7 of the Dungeon.
You worshipped Xom.
You were a beloved toy of Xom.
You visited 2 branches of the dungeon, and saw 8 of its levels.

You collected 365 gold pieces.

Inventory:

Hand Weapons
 a - a +1 hand axe of chaos (weapon)
Armour
 d - a +0 pair of gloves (worn)
 k - a +0 hat (worn)
Jewellery
 c - a ring of see invisible (left hand)
 i - an amulet of magic regeneration (around neck)
 n - a ring of protection from cold
Wands
 b - a wand of charming (8)
 e - a wand of flame (25)
 s - a wand of mindburst (1)
Scrolls
 f - a scroll of immolation
 j - a scroll of fear
 p - a scroll of teleportation
Potions
 g - 2 potions of curing
 r - a potion of cancellation


   Skills:
 + Level 6.2 Fighting
 + Level 8.4 Axes
 + Level 4.7 Dodging
 + Level 4.7 Spellcasting
 + Level 4.9 Transmutations
 + Level 1.3 Evocations


You had 16 spell levels left.
You knew the following spells:

 Your Spells              Type           Power      Damage    Failure   Level
a - Beastly Appendage     Tmut           38%        N/A       1%          1

Your spell library contained the following spells:

 Spells                   Type           Power      Damage    Failure   Level
 Wereblood                Tmut           19%        N/A       3%          2
 Passwall                 Tmut/Erth      9%         N/A       9%          2
 Animate Skeleton         Necr           6%         N/A       16%         1
 Apportation              Tloc           6%         N/A       16%         1
 Sandblast                Erth           6%         2d5       16%         1
 Summon Small Mammal      Summ           12%        N/A       16%         1
 Spider Form              Tmut/Pois      11%        N/A       17%         3
 Static Discharge         Conj/Air       3%         N/A       24%         2
 Dazzling Flash           Conj/Hex       6%         N/A       43%         3
 Stone Arrow              Conj/Erth      6%         3d7       43%         3
 Dispel Undead            Necr           3%         3d7       83%         4
 Iskenderun's Mystic Bla  Conj/Tloc      3%         2d3       83%         4
 Sticky Flame             Conj/Fire      3%         2d3       83%         4
 Summon Forest            Summ/Tloc      1%         N/A       99%         5
 Summon Mana Viper        Hex/Summ       3%         N/A       99%         5
 Starburst                Conj/Fire      1%         6d3       100%        6
 Summon Cactus Giant      Summ           1%         N/A       100%        6


Dungeon Overview and Level Annotations

Branches:
Dungeon (7/15)             Temple (1/1) D:4

Altars:
Ashenzari
Cheibriados
Elyvilon
Fedhas
Hepliaklqana
Makhleb
Nemelex Xobeh
Okawaru
Qazlal
Ru
Sif Muna
Trog
Uskayaw
Vehumet
Wu Jian
Yredelemnul
Zin
The Shining One

Annotations:
D:6 3 runed translucent doors, confidenceinterval's ghost, amateur DsNe


Innate Abilities, Weirdness & Mutations

You can breathe blasts of scalding, opaque steam.
Your pale cyan-grey scales are hard. (AC +7)
You cannot fit into any form of body armour.
You are cold-blooded and may be slowed by cold attacks.
You are immune to the effects of steam.
You have large cloven feet.
Your tail ends in a venomous barb.
Your mind is acute. (Int +2)
Your flesh is cold resistant. (rC+)
Your flesh is heat resistant. (rF+)
Your muscles are strong. (Str +2)
You sometimes lose the ability to read scrolls when taking damage.


Message History

You hit the hornet zombie. Your kick misses the hornet zombie.
You tail-slap the hornet zombie, but do no damage.
The hornet zombie is severely damaged.
The hornet zombie barely misses you.
You hit the hornet zombie.
The hornet zombie suddenly seems more agile.
Your kick misses the hornet zombie.
You tail-slap the hornet zombie, but do no damage.
The hornet zombie is almost destroyed.
The hornet zombie hits you but does no damage.
You closely miss the hornet zombie.
The hornet zombie is almost destroyed.
The hornet zombie hits you!
You miss the hornet zombie.
The hornet zombie is almost destroyed.
The hornet zombie barely misses you.
You barely miss the hornet zombie. You tail-slap the hornet zombie.
The hornet zombie is almost destroyed.
The hornet zombie hits you but does no damage.
You hit the hornet zombie but do no damage.
Your kick misses the hornet zombie.
The hornet zombie is almost destroyed.
The hornet zombie misses you.
You closely miss the hornet zombie.
The hornet zombie is almost destroyed.
The hornet zombie misses you.
You closely miss the hornet zombie. Your kick misses the hornet zombie.
Your tail-slap misses the hornet zombie.
The hornet zombie is almost destroyed.
The hornet zombie hits you!
* * * LOW HITPOINT WARNING * * *
You closely miss the hornet zombie.
You kick the hornet zombie, but do no damage.
The hornet zombie is almost destroyed.
The hornet zombie hits you!
* * * LOW HITPOINT WARNING * * *
The hornet zombie hits you!
* * * LOW HITPOINT WARNING * * *
The hornet zombie hits you.
You die...

# ########.!..
#...........
##.#####....
#.# . #Z# #@#
#.# #.#
######## #.#
#......# #.#
#.####.#
#.######.##<#.#
#...........#.#
#######.#####.#
#.......#


You could see a hornet zombie (agile).

Vanquished Creatures
  Pikel (D:6)
  A hornet (D:6)
  Sigmund (D:6)
  2 wyverns (D:6)
  Menkaure (D:6)
  Edmund (D:6)
  A black bear (D:5)
  A necrophage (D:4)
  An ogre (D:4)
  A lemure (D:6)
  A phantom (D:6)
  A gnoll sergeant (D:6)
  4 scorpions
  3 hounds
  A bullfrog zombie (D:5)
  2 orc priests
  A centaur skeleton (D:5)
  3 iguanas
  3 orc wizards
  2 hound skeletons (D:4)
  11 gnolls
  5 adders
  3 white imps
  An ufetubus (D:6)
  A worm (D:2)
  2 dart slugs (D:1)
  19 orcs
  3 ball pythons
  7 endoplasms
  4 giant cockroaches
  9 goblins
  3 hobgoblins
  9 jackals
  4 quokkas
  3 bats (D:2)
  4 frilled lizards
  5 kobolds
  6 rats
131 creatures vanquished.

Vanquished Creatures (collateral kills)
  A scorpion (D:4)
  A butterfly (D:4)
2 creatures vanquished.

Vanquished Creatures (others)
  An endoplasm (D:2)
1 creature vanquished.

Grand Total: 134 creatures vanquished

Notes
Turn   | Place    | Note
-------+----------+-------------------------------------------
     0 | D:1      | Lekart the Draconian Chaos Knight began the quest for the
                  | Orb.
     0 | D:1      | Reached XP level 1. HP: 19/19 MP: 1/1
   106 | D:1      | XOM: potion effect (brilliance)
   116 | D:1      | Reached XP level 2. HP: 17/26 MP: 2/2
   544 | D:1      | XOM: silly message
   665 | D:1      | Found a faded altar of an unknown god.
  1112 | D:2      | XOM: silly message
  1119 | D:2      | XOM: enchant monster (bad)
  1121 | D:2      | Reached XP level 3. HP: 33/33 MP: 3/3
  1203 | D:2      | XOM: noise
  1531 | D:2      | Learned a level 1 spell: Beastly Appendage
  1923 | D:2      | Reached skill level 4 in Axes
  2037 | D:3      | Reached XP level 4. HP: 29/40 MP: 4/4
  2346 | D:3      | XOM: smoke on damage
  2469 | D:3      | Found an iron altar of Okawaru.
  2477 | D:3      | Reached XP level 5. HP: 38/46 MP: 3/6
  2711 | D:3      | Found an ornate altar of the Wu Jian Council.
  2811 | D:3      | Reached skill level 1 in Spellcasting
  2823 | D:3      | XOM: give mutation
  2823 | D:3      | Gained mutation: Your tail ends in a venomous barb. [Xom's
                  | grace]
  2836 | D:3      | Reached skill level 1 in Transmutations
  3220 | D:4      | XOM: cast spell 'Summon Mana Viper'
  3222 | D:4      | Reached skill level 5 in Axes
  3222 | D:4      | Reached XP level 6. HP: 44/53 MP: 6/8
  3330 | D:4      | XOM: swap monsters
  3657 | D:4      | XOM: 1-stop teleportation journey
  3672 | D:4      | Found a staircase to the Ecumenical Temple.
  3718 | Temple   | Entered the Ecumenical Temple
  4080 | D:4      | XOM: cast spell 'Call Canine Familiar'
  4086 | D:4      | Your scales start taking on a pale cyan-grey colour.
  4086 | D:4      | Reached XP level 7. HP: 60/60 MP: 10/10
  4086 | D:4      | Gained mutation: You are immune to the effects of steam.
                  | [Pale Draconian growth]
  4317 | D:5      | Entered Level 5 of the Dungeon
  4625 | D:5      | Reached skill level 6 in Axes
  4662 | D:5      | XOM: give mutations
  4662 | D:5      | Gained mutation: You have hidden genetic potential. [Xom's
                  | grace]
  4662 | D:5      | Gained mutation: Your spells are a little harder to cast,
                  | but a little more powerful. [Xom's grace]
  4775 | D:5      | XOM: scenery: 1 doors close
  4791 | D:5      | Reached skill level 5 in Fighting
  5072 | D:5      | Found a sparkling altar of Nemelex Xobeh.
  5193 | D:5      | Found a shimmering blue altar of Sif Muna.
  5236 | D:5      | XOM: summons 4 hostile demons
  5516 | D:6      | XOM: blink monster(s)
  5525 | D:6      | Reached XP level 8. HP: 57/68 MP: 12/12
  6007 | D:6      | Noticed Pikel
  6021 | D:6      | Killed Pikel
  6022 | D:6      | Reached skill level 7 in Axes
  6024 | D:6      | Gained mutation: You have a somewhat thin skeletal
                  | structure. (Dex +2, Stealth+) [hidden potential]
  6108 | D:6      | XOM: noise
  6192 | D:6      | Noticed Sigmund
  6197 | D:6      | Killed Sigmund
  6212 | D:6      | Lost mutation: You have hidden genetic potential. [potion
                  | of mutation]
  6212 | D:6      | Lost mutation: You have a somewhat thin skeletal structure.
                  | (Dex +2, Stealth+) [potion of mutation]
  6212 | D:6      | Gained mutation: Your flesh is cold resistant. (rC+)
                  | [potion of mutation]
  6212 | D:6      | Gained mutation: Your tail ends in a sharp venomous barb.
                  | [potion of mutation]
  6212 | D:6      | Gained mutation: You do not regenerate when monsters are
                  | visible. [potion of mutation]
  6212 | D:6      | Lost mutation: You do not regenerate when monsters are
                  | visible. [potion of mutation]
  6239 | D:6      | Found a runed translucent gate.
  6240 | D:6      | Found a runed translucent gate.
  6241 | D:6      | Found a runed translucent gate.
  6241 | D:6      | Noticed confidenceinterval's ghost (amateur DsNe)
  6242 | D:6      | Noticed a kobold demonologist
  6256 | D:6      | Noticed Menkaure
  6257 | D:6      | XOM: butterfly on damage
  6261 | D:6      | Killed Menkaure
  6453 | D:6      | XOM: swap monsters
  6475 | D:6      | Reached skill level 8 in Axes
  6475 | D:6      | Reached XP level 9. HP: 49/75 MP: 15/15
  6760 | D:6      | XOM: polymorph ice beast -> hornet
  6764 | D:6      | XOM: confuse monster(s)
  6774 | D:6      | XOM: give mutation
  6774 | D:6      | Lost mutation: Your spells are a little harder to cast, but
                  | a little more powerful. [Xom's mischief]
  6897 | D:6      | XOM: give mutations
  6897 | D:6      | Gained mutation: You are frail. (-10% HP) [Xom's mischief]
  6897 | D:6      | Lost mutation: Your tail ends in a sharp venomous barb.
                  | [Xom's mischief]
  6897 | D:6      | Lost mutation: You are frail. (-10% HP) [Xom's mischief]
  6897 | D:6      | Gained mutation: You sometimes lose the ability to read
                  | scrolls when taking damage. [Xom's mischief]
  7028 | D:6      | Found a bloodstained altar of Trog.
  7036 | D:6      | Reached skill level 1 in Evocations
  7051 | D:6      | XOM: confusion
  7053 | D:6      | XOM: polymorph steam dragon -> wyvern
  7240 | D:6      | XOM: give mutations
  7240 | D:6      | Gained mutation: Your muscles are strong. (Str +2) [Xom's
                  | grace]
  7240 | D:6      | Gained mutation: Your flesh is heat resistant. (rF+) [Xom's
                  | grace]
  7240 | D:6      | Gained mutation: You have large cloven feet. [Xom's grace]
  7240 | D:6      | Gained mutation: Your mind is acute. (Int +2) [Xom's grace]
  7463 | D:6      | Noticed Edmund
  7464 | D:6      | XOM: enchant monster (good)
  7478 | D:6      | Killed Edmund
  8018 | D:7      | XOM: cleaving
  8035 | D:7      | HP: 2/75 [hornet zombie (8)]
  8040 | D:7      | Slain by a hornet zombie

Illustrated notes

Levels and vault maps discovered:
D:1:      dpeg_arrival_tiny_i, layout_basic, ebering_ecumenical_altar_rust
D:2:      minmay_kobold_bridge, layout_basic, minmay_small_reverse_x
D:3:      layout_loops_cross, okawaru_altar_gauntlet_db,
          mainiacjoe_overflow_brackets
D:4:      layout_basic, minmay_temple_entry_butterflies, minivault_11,
          kennysheep_generic_room_15
D:5:      layout_basic, kennysheep_orc_sif_temple, nemelex_spade_bored_becter,
          serial_bayou_pond_e, nicolae_elevator_lobby_asterisk
D:6:      layout_loops_corners, mainiacjoe_overflow_catwalk,
          gammafunk_ghost_nasty_kobolds, nicolae_underground_beach, uniq_edmund,
          uniq_menkaure, uniq_pikel, uniq_sigmund
D:7:      layout_basic, nicolae_gozag_seed_capital
Temple:   dshaligram_water_room_temple

Skill      XL: |  1  2  3  4  5  6  7  8  9 |
---------------+----------------------------+-----
Axes           | 4 5 6 8 |  8.4
Fighting       | 4 5 6 |  6.2
Spellcasting   | 1 2 3 4 |  4.7
Transmutations | 1 2 3 4 |  4.9
Dodging        | 3 4 |  4.7
Evocations     | 1 |  1.3

Action                   |  1- 3 |  4- 6 |  7- 9 || total
-------------------------+-------+-------+-------++-------
Melee: Hand axe          |   139 |   105 |   213 ||   457
       Tailslap          |    13 |     5 |    28 ||    46
       Kick              |     2 |    18 |    29 ||    49
       Headbutt          |     2 |    14 |    18 ||    34
 Cast: Beastly Appendage |     6 |    21 |    19 ||    46
 Abil: Breathe Steam     |       |       |     8 ||     8
Evoke: Wand              |       |       |     7 ||     7
  Use: Scroll            |     5 |       |     4 ||     9
       Potion            |     2 |       |     5 ||     7
 Stab: Paralysed         |     3 |       |     2 ||     5
       Confused          |       |     2 |     3 ||     5
Armor: Skin              |    41 |    17 |    61 ||   119
Dodge: Dodged            |    91 |    60 |   127 ||   278

Table legend: (Time is in decaauts)
 A = Elapsed time spent in this place.
 B = Non-inter-level travel time spent in this place.
 C = Inter-level travel time spent in this place.
 D = Time resting spent in this place.
 E = Time spent auto-exploring this place.
 F = Levels seen in this place.
 G = Mean time per level.
                   A        B        C        D        E       F      G
               +--------+--------+--------+--------+--------+-----+--------+
         Total |   8068 |   7866 |    202 |    971 |   5791 |   8 | 1008.5 |
       Dungeon |   7723 |   7542 |    181 |    971 |   5477 |   7 | 1103.3 |
        Temple |    344 |    323 |     21 |      0 |    314 |   1 |  344.0 |
               +--------+--------+--------+--------+--------+-----+--------+

Top non-repeatable levels by time:
     D:6: 2520 daAuts
     D:3: 1213 daAuts
     D:5: 1148 daAuts
     D:1: 1100 daAuts
     D:2: 900 daAuts
     D:4: 782 daAuts
  Temple: 344 daAuts
     D:7: 56 daAuts
